 Dungeon Crawl Stone Soup version 0.21.1-1-g345015f (webtiles) character file.

39 shakethe the Chopper (level 3, 0/27 HPs)
             Began as a Demonspawn Gladiator on Feb 8, 2018.
             Slain by a gnoll
             ... wielding a +3 halberd
              (9 damage)
             ... on level 1 of the Dungeon.
             The game lasted 00:02:36 (923 turns).

shakethe the Chopper (Demonspawn Gladiator)          Turns: 923, Time: 00:02:37

Health: 0/27       AC: 13    Str: 14    XL:     3   Next: 26%
Magic:  3/3        EV: 12    Int:  9    God:
Gold:   10         SH:  3    Dex: 15    Spells: 2/2 levels left

rFire    . . .     SeeInvis .   a - +0 war axe
rCold    . . .     Gourm    .   n - +0 buckler
rNeg     . . .     Faith    .   b - +0 leather armour
rPois    .         Spirit   .   c - +0 helmet
rElec    .         Reflect  .   (no cloak)
rCorr    .         Harm     .   (no gloves)
MR       .....                  (no boots)
Stlth    +.........             (no amulet)
HPRegen  0.09/turn              (no ring)
MPRegen  0.08/turn              (no ring)

@: sanguine armour
A: sanguine armour 2
a: no special abilities


You were on level 1 of the Dungeon.
You were not hungry.

You visited 1 branch of the dungeon, and saw 2 of its levels.

You collected 10 gold pieces.

Inventory:

Hand Weapons
 a - a +0 war axe (weapon)
Missiles
 d - 3 throwing nets (quivered)
Armour
 b - a +0 leather armour (worn)
 c - a +0 helmet (worn)
 n - a +0 buckler (worn)
 p - a +0 ring mail
Jewellery
 l - a +3 ring of slaying {unknown}
 m - an uncursed ring of protection from magic {unknown}
Scrolls
 h - 2 scrolls of remove curse {unknown}
 o - a scroll of random uselessness {unknown}
Potions
 e - 3 potions of curing {unknown}
 g - a potion of cancellation {unknown}
 i - 2 potions of agility {unknown}
 j - a potion of lignification {unknown}
 k - a potion of might {unknown}
Comestibles
 f - a ration


   Skills:
 - Level 2.0 Fighting
 * Level 3.4 Axes
 - Level 1.7 Throwing
 + Level 1.1 Armour
 + Level 3.0 Dodging
 + Level 0.1 Shields


You had 2 spell levels left.
You didn't know any spells.

Dungeon Overview and Level Annotations

Branches:
Dungeon (2/15)

Altars:


Innate Abilities, Weirdness & Mutations

When seriously injured, your bleeding wounds create thick armour. (AC +9)


Message History

There is a stone staircase leading down here.
You climb downwards.
The gnoll barely misses you. The gnoll closely misses you. x2
The gnoll completely misses you. The gnoll hits you but does no damage.
The gnoll barely misses you. The gnoll closely misses you.
There is a stone staircase leading up, spattered with blood here.
The gnoll misses you.
The gnoll hits you with an enchanted halberd!
The gnoll barely misses you. The gnoll misses you.
You climb upwards.
There is a stone staircase leading down here.
You barely miss the gnoll. You slash the gnoll!
You hit the gnoll but do no damage. The gnoll barely misses you.
The gnoll closely misses you. The gnoll completely misses you.
You slash the gnoll!
You kill the gnoll!
You hit the gnoll.
Your leather armour prevents you from hitting the gnoll.
The gnoll barely misses you. The gnoll misses you.
The gnoll hits you from afar with an enchanted halberd!
You die...

#........#.#
##########.# #####
#.......# #....
#####.#############.###
#.....#..........##.###
#.##...................
#.##......##...#.##.###
#..+..)g...............
####..@.g..#.#.#.##.###
#..)....#.#.#.##....
#......)#.#.#+######
#######.#.........##
#.............##
#.#...........##
#.#...........##
#.#...........##
#.######......##


You could see 2 gnolls.

Vanquished Creatures
  A gnoll (D:1)
  A dart slug (D:1)
  A leopard gecko (D:1)
  4 giant cockroaches
  A goblin (D:1)
  2 hobgoblins (D:1)
  3 jackals (D:1)
  A bat (D:1)
  2 frilled lizards (D:1)
  5 kobolds (D:1)
  5 rats (D:1)
26 creatures vanquished.

Notes
Turn   | Place    | Note
-------+----------+-------------------------------------------
     0 | D:1      | shakethe the Demonspawn Gladiator began the quest for the Orb.
     0 | D:1      | Reached XP level 1. HP: 16/16 MP: 1/1
   313 | D:1      | Gained mutation: When seriously injured, your bleeding wounds create armour. (AC +9) [demonic ancestry]
   313 | D:1      | Reached XP level 2. HP: 16/22 MP: 2/2
   720 | D:1      | Reached skill level 1 in Armour
   871 | D:2      | Gained mutation: When seriously injured, your bleeding wounds create thick armour. (AC +9) [demonic ancestry]
   871 | D:2      | Reached XP level 3. HP: 27/27 MP: 3/3
   923 | D:1      | Slain by a gnoll

Skill      XL: |  1  2 |
---------------+-------+-----
Axes           | 3 |  3.4
Dodging        | 3 |  3.0
Armour         | 1 |  1.1
Fighting       | |  2.0
Throwing       | |  1.7
Shields        | |  0.1

Action                   || total
-------------------------++-------
Melee: War axe           ||    66
 Stab: Sleeping          ||     1
Armor: Leather armour    ||    25
Dodge: Dodged            ||    72
Block: Buckler           ||     1
